 Dungeon Crawl Stone Soup version 0.31.0-11-ge490571c62 (webtiles) character file.

Game seed: 16108672155026274744

94 qw the Shooter (level 4, -6/22 HPs)
             Began as a Spriggan Hunter on Feb 3, 2024.
             Mangled by Sigmund
             ... wielding a +1 antimagic scythe
              (11 damage)
             ... on level 2 of the Dungeon.
             The game lasted 00:00:04 (837 turns).

qw the Shooter (Spriggan Hunter)                     Turns: 837, Time: 00:00:05

Health: -6/22      AC:  2    Str:  5 (7)  XL:     4   Next: 38%
Magic:  5/5        EV: 19    Int:  8 (10) God:
Gold:   34         SH:  0    Dex: 17 (20) Spells: 3/3 levels left

rFire   . . .        a - +0 shortbow
rCold   . . .        (shield currently unavailable)
rNeg    . . .        c - +0 robe
rPois   .            (helmet restricted)
rElec   .            (no cloak)
rCorr   .            (gloves unavailable)
SInv    +            (boots unavailable)
Will    .....        (no amulet)
Stlth   ++           (no ring)
HPRegen 0.23/turn    (no ring)
MPRegen 0.09/turn

%: no passive effects
@: mighty, very quick
A: very small, no large weapons, unfitting armour, see invisible, speed 3
a: no special abilities


You were on level 2 of the Dungeon.
You visited 1 branch of the dungeon, and saw 2 of its levels.

You collected 34 gold pieces.


Innate Abilities, Weirdness & Mutations

You are very small and have problems with some larger weapons.
You are too small for most types of armour.
You have supernaturally acute eyesight. (SInv)
You cover ground extremely quickly. (Speed+++)


   Skills:
 + Level 1.5 Fighting
 - Level 5.0 Ranged Weapons
 - Level 4.9 Dodging
 - Level 1.5 Stealth


You had 3 spell levels left.
You didn't know any spells.
Your spell library was empty.

Inventory:

Hand Weapons
 a - a +0 shortbow (weapon)
Armour
 c - a +0 robe (worn)

Dungeon Overview and Level Annotations

Branches:
Dungeon (2/15)

Altars:

Annotations:
D:1 1 runed translucent door
D:2 Sigmund


Message History

You shoot an arrow. The arrow closely misses Sigmund.
Sigmund screams, "Die, monster!"
Sigmund barely misses you.
You shoot an arrow.
The arrow hits Sigmund but does no damage.
Sigmund is lightly wounded.
You shoot an arrow. The arrow barely misses Sigmund.
Sigmund points at you and mumbles some strange words.
You are confused.
825 ||| DRINKING silvery potion.
It was a potion of might.
You feel very mighty all of a sudden.
Sigmund hits you from afar with a +1 antimagic scythe.
You feel your power leaking away.
826 ||| DRINKING glowing coppery potion.
It was a potion of degeneration.
There was something very wrong with that liquid.
You feel weakened.
You feel dopey.
You feel clumsy. Sigmund misses you. Sigmund barely misses you.
Sigmund says, "Your kind have come here before.
I understand now why.
You desire death..."
Sigmund closely misses you.
You feel less confused. Sigmund gestures at you while chanting.
The puff of flame hits you!
You shoot an arrow. The arrow closely misses Sigmund.
Sigmund points at you and mumbles some strange words.
You easily resist.
Sigmund hits you but does no damage.
You shoot an arrow.
The arrow hits Sigmund but does no damage.
Sigmund is lightly wounded.
You shoot an arrow. The arrow closely misses Sigmund.
Sigmund closely misses you.
You shoot an arrow. The arrow closely misses Sigmund.
Sigmund misses you.
You shoot an arrow. The arrow barely misses Sigmund.
You shoot an arrow. The arrow closely misses Sigmund.
Sigmund hits you from afar with a +1 antimagic scythe!
Ouch! That really hurt!
You die...
Sigmund begins carving another notch in his scythe.

#### #...## ......
......#
#.........## ##
#.......@..###....
.................
.......#@#
.....##.# ...>##.#
##.#)##.#
#....##.#
#%.####.# ###
#.ยค# #.#
.....#..####.#
#.(...%%...#


You could see Sigmund.

Vanquished Creatures
  Natasha (twice) (D:2)
  An adder (D:2)
  2 dart slugs
  7 endoplasms (D:1)
  A giant cockroach (D:1)
  A goblin (D:1)
  2 hobgoblins (D:1)
  3 kobolds
  5 ball pythons
  5 bats
  3 rats (D:1)
32 creatures vanquished.

Notes
Turn   | Place    | Note
-------+----------+-------------------------------------------
     0 | D:1      | qw the Spriggan Hunter began the quest for the Orb.
     0 | D:1      | Reached XP level 1. HP: 10/10 MP: 2/2
     0 | D:1      | 0 ||| qw: Version: 0.3-a-157-g843a77d
     0 | D:1      | 0 ||| qw: Game counter: 3718
     0 | D:1      | 0 ||| qw: Melee chars always use a shield: true
     0 | D:1      | 0 ||| qw: God list: Okawaru
     0 | D:1      | 0 ||| qw: Allow faded altars: false
     0 | D:1      | 0 ||| qw: Do Orc after clearing Dungeon:15 true
     0 | D:1      | 0 ||| qw: Do second Lair branch before Depths: true
     0 | D:1      | 0 ||| qw: Lair rune preference: random
     0 | D:1      | 0 ||| qw: Goals: Normal
     0 | D:1      | 0 ||| PLANNING D:1-11
     1 | D:1      | Found a runed translucent door.
    25 | D:1      | Reached skill level 3 in Dodging
    86 | D:1      | Reached XP level 2. HP: 14/14 MP: 3/3
   432 | D:1      | Found a faded altar of an unknown god.
   545 | D:1      | Reached XP level 3. HP: 18/18 MP: 4/4
   637 | D:1      | 637 ||| READING scroll labelled EPAPTO GIUCOT.
   687 | D:1      | 687 ||| READING scroll labelled TUESYA QURRURA.
   688 | D:1      | 688 ||| DROPPING scroll of butterflies.
   711 | D:2      | Noticed Natasha
   717 | D:2      | Killed Natasha
   728 | D:2      | Noticed Sigmund
   729 | D:2      | 729 ||| RETREEEEATING.
   732 | D:2      | 732 ||| RETREEEEATING.
   735 | D:2      | Reached skill level 5 in Ranged Weapons
   735 | D:2      | Noticed Natasha
   741 | D:2      | 741 ||| RETREEEEATING.
   742 | D:2      | 742 ||| RETREEEEATING.
   743 | D:2      | 743 ||| RETREEEEATING.
   747 | D:2      | Reached XP level 4. HP: 13/22 MP: 5/5
   757 | D:2      | 757 ||| RETREEEEATING.
   762 | D:2      | Killed Natasha
   825 | D:2      | 825 ||| DRINKING silvery potion.
   826 | D:2      | 826 ||| DRINKING glowing coppery potion.
   831 | D:2      | HP: 3/22 [Sigmund/puff of flame (9)]
   837 | D:2      | Mangled by Sigmund

Levels and vault maps discovered:
D:1:      dpeg_arrival_caged_fury, layout_basic,
          dilly_ecumenical_altar_fadedgnrine
D:2:      kennysheep_big_flooded_room, layout_loops_ring, uniq_sigmund,
          uniq_natasha

Skill      XL: |  1  2  3 |
---------------+----------+-----
Dodging        | 3 4 |  4.9
Ranged Weapons | 5 |  5.0
Fighting       | |  1.5
Stealth        | |  1.5

Action                     |  1- 3 |  4- 6 || total
---------------------------+-------+-------++-------
   Fire: Shortbow          |    75 |    28 ||   103
    Use: Scroll            |     2 |       ||     2
         Potion            |       |     2 ||     2
 Armour: Robe              |     6 |     7 ||    13
  Dodge: Dodged            |    30 |    22 ||    52

Table legend:
 A = Non-vault XP
 B = Vault XP
 C = Vault XP percentage of total XP
 D = Non-vault monster count
 E = Vault monster count
 F = Vault count percentage of total count
                 A         B        C        D         E       F
            +---------+---------+-------+---------+---------+-------
      Total |     100 |      35 |  25.9 |      31 |       1 |   3.1
            +---------+---------+-------+---------+---------+-------
        D:1 |      44 |       0 |   0.0 |      25 |       0 |   0.0
        D:2 |      56 |      35 |  38.5 |       6 |       1 |  14.3
            +---------+---------+-------+---------+---------+-------
